 Dungeon Crawl Stone Soup version 0.31-a0-345-g1ebeae05c6 (webtiles) character file.

Game seed: 4872030199681468500

1191 rikimaru122 the Purveyor of Pain (level 8, 0/62 HPs)
             Began as a Ghoul Necromancer on July 4, 2023.
             Was an Initiate of Kikubaaqudgha.
             Slain by an orc
             ... wielding a +0 flail
              (5 damage)
             ... on level 5 of the Dungeon on July 22, 2023.
             The game lasted 00:53:36 (8166 turns).

rikimaru122 the Purveyor of Pain (GhNe)             Turns: 8166, Time: 00:53:36

Health: 0/62       AC:  5    Str: 12      XL:     8   Next: 43%
Magic:  14/14      EV: 12    Int: 13 (15) God:    Kikubaaqudgha [......]
Gold:   198        SH:  0    Dex:  9 (11) Spells: 12/16 levels left

rFire   . . .        h - +0 whip "Ilutere" {freeze, Will+ Int+3 Dex+2}
rCold   + . .        (no shield)
rNeg    + + +        a - +0 robe
rPois   ∞            (no helmet)
rElec   .            v - +0 cloak
rCorr   .            u - +0 pair of gloves
SInv    .            t - +0 pair of boots
Will    +....        (no amulet)
Stlth   ++           (no ring)
HPRegen 0.00/turn    (no ring)
MPRegen 0.14/turn

%: no passive effects
@: inhibited regen
A: claws 1, cold resistance 1, negative energy resistance 3, inhibited
regeneration, torment resistance 2, devour on kill
a: Renounce Religion


You were on level 5 of the Dungeon.
You worshipped Kikubaaqudgha.
Kikubaaqudgha was noncommittal.
You visited 2 branches of the dungeon, and saw 7 of its levels.

You collected 198 gold pieces.

Inventory:

Hand Weapons
 c - a +1 club of flaming
 d - a +0 dagger
 h - the +0 whip "Ilutere" (weapon) {freeze, Will+ Int+3 Dex+2}
   (You found it on level 2 of the Dungeon)

   Int:       It affects your intelligence (+3).
   Dex:       It affects your dexterity (+2).
   Will:      It increases your willpower.
Armour
 a - a +0 robe (worn)
 t - a +0 pair of boots (worn)
 u - a +0 pair of gloves (worn)
 v - a +0 cloak (worn)
 w - a +0 robe
 y - a +0 robe
Magical Staves
 p - a staff of earth
Scrolls
 f - 2 scrolls of poison {unknown}
 g - a scroll of enchant weapon
 n - 2 scrolls of blinking
 o - 4 scrolls of identify
Potions
 b - a potion of magic
 e - 2 potions of lignification
 i - a potion of heal wounds {unknown}
 j - a potion of enlightenment {unknown}
 k - a potion of curing {unknown}


   Skills:
 + Level 2.6 Fighting
 + Level 2.6 Maces & Flails
 + Level 3.6 Dodging
 + Level 3.8 Stealth
 + Level 0.9 Unarmed Combat
 + Level 4.8 Spellcasting
 + Level 6.5 Necromancy


You had 12 spell levels left.
You knew the following spells:

 Your Spells              Type           Power      Damage    Failure   Level
a - Necrotise             Necr           80%        1d8       1%          1
b - Vampiric Draining     Necr           20%        2d7       3%          3

Your spell library contained the following spells:

 Spells                   Type           Power      Damage    Failure   Level
 Animate Dead             Necr           20%        N/A       13%         4
 Agony                    Necr           20%        N/A       34%         5
 Gell's Gravitas          Tloc           3%         N/A       50%         3
 Portal Projectile        Hex/Tloc       6%         N/A       50%         3
 Teleport Other           Tloc           3%         N/A       50%         3
 Tukima's Dance           Hex            3%         N/A       50%         3
 Dispersal                Tloc           1%         N/A       100%        6


Dungeon Overview and Level Annotations

Branches:
Dungeon (6/15)             Temple (1/1) D:5

Altars:
Fedhas
Kikubaaqudgha
Makhleb
Okawaru
Qazlal
Ru
Trog
Uskayaw
Vehumet
Wu Jian
Xom


Innate Abilities, Weirdness & Mutations

You are immune to poison.
You have sharp fingernails.
Your flesh is cold resistant. (rC+)
You are immune to negative energy. (rN+++)
You do not regenerate when monsters are visible.
You are immune to unholy pain and torment.
You thrive by killing the living.


Message History

You hit the orc. You freeze the orc.
The orc is heavily wounded.
The orc hits you with a +0 dagger.
You barely miss the orc.
The orc is heavily wounded.
The orc barely misses you. The orc hits you but does no damage.
You hit the orc. You freeze the orc.
The orc is almost dead.
The ogre misses you. The orc hits you with a +0 dagger.
The orc hits you with a +0 flail. The orc barely misses you.
The orc closely misses you.
You completely miss the orc.
The orc is almost dead.
The orc misses you. The orc closely misses you. The orc barely misses you.
The orc closely misses you. The ogre misses you.
You hit the orc. You freeze the orc.
You kill the orc!
Kikubaaqudgha accepts your kill.
The orc barely misses you. x2; The orc closely misses you.
You hit the ogre. You freeze the ogre.
The ogre is lightly wounded.
The orc misses you.
The ogre hits you with a +0 giant club!!
The orc hits you with a +0 flail! The orc misses you.
You can't go down here!
The orc hits you with a +0 flail.
* * * LOW HITPOINT WARNING * * *
The orc closely misses you.
The orc hits you with a +1 flail of protection.
* * * LOW HITPOINT WARNING * * *
The ogre hits you with a +0 giant club.
* * * LOW HITPOINT WARNING * * *
You climb upwards.
There is a stone staircase leading down here.
The orc attacks as you move away! The orc barely misses you.
The orc closely misses you.
There is an open door here.
The orc attacks as you move away! The orc hits you with a +0 flail.
You die...
Kikubaaqudgha rasps: "You have failed me!
Welcome... oblivion!"

.# #....#..'............#..#....
.# #....#..#............#..'....
.# #....#..#............#..##...
.# #....#..#............#..##...
.# #....#..#............#..#....
.####....####............#..#....
......#####.....####.....#####..)
......'...#.....#o.#.....#..##...
....<.#...#.....@oo#.....#.......
......#####.....#.O#>....#.......
####...........##..#.....#.......
...#..>........#...#.....#.......
...'...........#...#.....#.......
#'##...........#'###.....#####'##
..######'####............##......
..#.........#..#.#.#.#.#..#......
..#.........#.............#......


You could see an ogre and 3 orcs.

Vanquished Creatures
  An ice beast (D:5)
  An ogre (D:5)
  A phantom (D:5)
  9 scorpions
  2 orc priests (D:5)
  3 hounds
  A sleepcap (D:5)
  2 orc wizards (D:5)
  9 adders
  A shadow imp (D:5)
  An ufetubus (D:5)
  A worm (D:3)
  2 dart slugs (D:2)
  8 orcs
  4 endoplasms
  A giant cockroach (D:2)
  6 goblins
  9 hobgoblins
  5 quokkas
  8 ball pythons
  6 bats
  2 frilled lizards
  A kobold (D:4)
  6 rats
90 creatures vanquished.

Vanquished Creatures (collateral kills)
  An adder (D:4)
  A dart slug (D:2)
  A hobgoblin (D:2)
  2 ball pythons
5 creatures vanquished.

Grand Total: 95 creatures vanquished

Notes
Turn   | Place    | Note
-------+----------+-------------------------------------------
     0 | D:1      | rikimaru122 the Ghoul Necromancer began the quest for the
                  | Orb.
     0 | D:1      | Reached XP level 1. HP: 14/14 MP: 2/2
   404 | D:1      | Reached XP level 2. HP: 20/20 MP: 3/3
   862 | D:1      | Found a faded altar of an unknown god.
  1226 | D:2      | Reached XP level 3. HP: 22/27 MP: 1/5
  1658 | D:2      | Identified the +0 whip "Ilutere" {freeze, Will+ Int+3
                  | Dex+2}
  1727 | D:2      | Reached XP level 4. HP: 3/34 MP: 2/6
  2158 | D:2      | Learned a level 3 spell: Vampiric Draining
  2468 | D:2      | Reached skill level 1 in Fighting
  3393 | D:4      | Noticed a scorpion
  3398 | D:4      | Killed a scorpion
  3399 | D:4      | Reached XP level 5. HP: 40/40 MP: 1/8
  3567 | D:4      | Reached skill level 5 in Necromancy
  3751 | D:4      | Reached skill level 1 in Maces & Flails
  3751 | D:4      | Reached XP level 6. HP: 47/47 MP: 2/9
  3951 | D:4      | Found an ornate altar of the Wu Jian Council.
  3951 | D:4      | Found a shimmering altar of Xom.
  3953 | D:4      | Found a burning altar of Makhleb.
  3953 | D:4      | Found a hazy altar of Hepliaklqana.
  3953 | D:4      | Found a blossoming altar of Fedhas.
  4220 | D:4      | Reached XP level 7. HP: 52/52 MP: 1/11
  4259 | D:4      | Reached skill level 6 in Necromancy
  4324 | D:4      | Found the +11 Singing Sword {sonic wave}
  4691 | D:5      | Entered Level 5 of the Dungeon
  6064 | D:5      | Found a staircase to the Ecumenical Temple.
  6182 | D:5      | Reached XP level 8. HP: 21/61 MP: 6/13
  6236 | Temple   | Entered the Ecumenical Temple
  6595 | Temple   | Became a worshipper of Kikubaaqudgha
  6840 | D:5      | Found a stormy altar of Qazlal.
  7108 | D:5      | Upgraded the game from 0.31-a0-221-gbddc013574 to
                  | 0.31-a0-233-g139696dc86
  7207 | D:5      | Upgraded the game from 0.31-a0-233-g139696dc86 to
                  | 0.31-a0-345-g1ebeae05c6
  8166 | D:5      | Slain by an orc

Illustrated notes

Levels and vault maps discovered:
D:1:      amcnicky_arrival_flooded_fountain, layout_basic,
          nicolae_ecumenical_snake_handling, patterned_corridor
D:2:      layout_rooms, kennysheep_generic_room_5
D:3:      layout_basic, minmay_stone_trees_medium
D:4:      old_forge, layout_loops_cross, doesnt_xom_only_xom
D:5:      layout_gridville, nicolae_qazlal_general_emergency,
          minmay_temple_entry_glass
D:6:      layout_cave_pools, old_standard_altar, ashenzari_altar_1,
          serial_shops, nicolae_shop_tiny_real_fake_doors, hex_tiny
Temple:   minmay_temple_forest_path

Skill      XL: |  1  2  3  4  5  6  7 |
---------------+----------------------+-----
Spellcasting   | 2 3 4 |  4.8
Dodging        | 2 3 |  3.6
Fighting       | 1 2 |  2.6
Necromancy     | 5 6 |  6.5
Maces & Flails | 1 2 |  2.6
Stealth        | 3 |  3.8
Unarmed Combat | |  0.9

Action                     |  1- 3 |  4- 6 |  7- 9 || total
---------------------------+-------+-------+-------++-------
  Melee: Unarmed           |    56 |       |       ||    56
         Club              |     7 |       |       ||     7
         Punch             |     1 |       |     3 ||     4
         Whip              |    16 |    58 |   213 ||   287
   Cast: Necrotise         |    30 |    33 |    38 ||   101
         Vampiric Draining |       |    13 |     7 ||    20
    Use: Scroll            |       |       |     8 ||     8
         Potion            |       |       |     6 ||     6
   Stab: Sleeping          |     2 |     3 |     2 ||     7
         Distracted        |       |       |     1 ||     1
 Armour: Robe              |    30 |     8 |    78 ||   116
  Dodge: Dodged            |    94 |    39 |   168 ||   301

Table legend: (Time is in decaauts)
 A = Elapsed time spent in this place.
 B = Non-inter-level travel time spent in this place.
 C = Inter-level travel time spent in this place.
 D = Time resting spent in this place.
 E = Time spent auto-exploring this place.
 F = Levels seen in this place.
 G = Mean time per level.
                   A        B        C        D        E       F      G
               +--------+--------+--------+--------+--------+-----+--------+
         Total |   8153 |   8153 |      0 |   3851 |   2392 |   7 | 1164.7 |
       Dungeon |   7658 |   7658 |      0 |   3774 |   2125 |   6 | 1276.3 |
        Temple |    495 |    495 |      0 |     77 |    267 |   1 |  495.0 |
               +--------+--------+--------+--------+--------+-----+--------+

Top non-repeatable levels by time:
     D:5: 2948 daAuts
     D:4: 1453 daAuts
     D:2: 1313 daAuts
     D:1: 1214 daAuts
     D:3: 717 daAuts
  Temple: 495 daAuts
     D:6: 10 daAuts
